 Dungeon Crawl Stone Soup version 0.28.0 (webtiles) character file.

Game seed: 3740888824297657269

317119 hikkokomori the Tortoise (level 22, -1/171 HPs)
             Began as a Formicid Fighter on Feb 10, 2022.
             Was the Champion of Hepliaklqana.
             Slain by a spark wasp (14 damage)
             ... called by a spriggan druid
             ... on level 2 of the Depths.
             The game lasted 02:53:01 (47643 turns).

hikkokomori the Tortoise (Formicid Fighter)        Turns: 47643, Time: 02:53:02

Health: -1/171     AC: 35    Str: 34    XL:     22   Next: 37%
Magic:  31/31      EV:  7    Int: 15    God:    Hepliaklqana [******]
Gold:   1602       SH: 27    Dex:  9    Spells: 17/21 levels left

rFire   + + .      SeeInvis +   a - +9 battleaxe (elec)
rCold   + + +      Faith    .   r - +5 tower shield {AC+3}
rNeg    . . .      Spirit   .   F - +0 crystal plate armour
rPois   +          Reflect  +   (helmet unavailable)
rElec   +          Harm     .   m - scarf {rC+ rF+}
rCorr   +          Rampage  +   E - +0 pair of gloves
Will    +++..                   c - +2 pair of boots {rampage}
Stlth   ..........              N - amulet of reflection
HPRegen 0.38/turn               b - ring "Nyrohego" {*Slow rC+ Will+ Int+5 Dex-3}
MPRegen 0.22/turn               X - +6 ring of strength

@: resistant
A: reduced essence, permanent stasis, dig shafts and tunnels, antennae 3, four
strong arms
}: 2/15 runes: barnacled, gossamer
a: Dig, Shaft Self, Renounce Religion, Recall Ancestor, Ancestor Identity,
Transference, Idealise


You were on level 2 of the Depths.
You worshipped Hepliaklqana.
Hepliaklqana was exalted by your worship.
You visited 7 branches of the dungeon, and saw 35 of its levels.
You also visited: Gauntlet.

You collected 3185 gold pieces.
You spent 1583 gold pieces at shops.

Inventory:

Hand Weapons
 a - a +9 battleaxe of electrocution (weapon)
 q - the +9 hunting sling "Okkidos" {freeze, rC+ SInv}
   (You found it on level 6 of the Dungeon)

   Any ammunition fired from it freezes those it strikes, dealing additional
   cold damage.
   It can also slow down cold-blooded creatures.
   rC:        It protects you from cold.
   SInv:      It lets you see invisible.
 z - the +11 war axe of Koinuas {speed, rN++}
   (You found it on level 6 of the Dungeon)

   Attacks with this weapon are significantly faster.
   rN:        It greatly protects you from negative energy.
 A - the +3 sling "Punk" {acid, rCorr}
   (You found it on level 4 of the Spider Nest)

   Any ammunition fired from it is coated in acid, damaging and corroding those
   it strikes.
   rCorr:     It protects you from acid and corrosion.
Missiles
 l - 385 sling bullets
 R - 19 silver javelins
 S - 6 throwing nets
Armour
 c - a +2 pair of boots of rampaging (worn)
 j - a +1 cloak
 m - a scarf of resistance (worn)
 r - a +5 tower shield of protection (worn)
 E - a +0 pair of gloves (worn)
 F - a +0 crystal plate armour (worn)
 I - the +3 buckler of Abstinence {Will+++ Regen+ Str-5 Dex-5}
   (You acquired it on level 2 of the Orcish Mines)

   Str:       It affects your strength (-5).
   Dex:       It affects your dexterity (-5).
   Regen:     It increases your rate of health regeneration.
   Will:      It greatly increases your willpower.
Jewellery
 b - the ring "Nyrohego" (left hand) {*Slow rC+ Will+ Int+5 Dex-3}
   (You found it in a Gauntlet)

   [ring of willpower]

   Int:       It affects your intelligence (+5).
   Dex:       It affects your dexterity (-3).
   rC:        It protects you from cold.
   *Slow:     It may slow you when you take damage.
   Will:      It increases your willpower.
 u - an amulet of the acrobat
 x - a ring of willpower
 y - a ring of protection from fire
 K - the ring of Shadows {Umbra +Inv Stlth+}
   (You found it on level 12 of the Dungeon)

   [ring of stealth]

   It surrounds you with an aura of shadow, increasing your stealth and reducing
   the accuracy of all others within it.
   +Inv:      It lets you turn invisible.
   Stlth:     It makes you more stealthy.
 N - an amulet of reflection (around neck)
 O - a +6 ring of intelligence
 W - the ring of Houh {rC+ MP+9 Dex+4}
   (You found it in a Gauntlet)

   [ring of magical power]

   Dex:       It affects your dexterity (+4).
   rC:        It protects you from cold.
   MP:        It affects your magic capacity (+9).
 X - a +6 ring of strength (right hand)
 Y - a ring of fire
Wands
 f - a wand of flame (6)
 o - a wand of iceblast (8)
 t - a wand of mindburst (12)
 G - a wand of paralysis (27)
 M - a wand of acid (2)
Scrolls
 n - 4 scrolls of silence
 B - 4 scrolls of holy word
 D - 6 scrolls of magic mapping
 J - 3 scrolls of fog
 L - 5 scrolls of fear
 P - 4 scrolls of enchant weapon
 Q - a scroll of amnesia
 U - 15 scrolls of identify
Potions
 d - 3 potions of might
 e - 6 potions of curing
 g - 3 potions of attraction
 h - 7 potions of brilliance
 k - 7 potions of lignification
 p - 9 potions of flight
 s - 3 potions of mutation
 v - 2 potions of magic
 w - 5 potions of ambrosia
 H - 6 potions of resistance
 Z - 3 potions of heal wounds
Miscellaneous
 i - a condenser vane (inert)
 C - a phantom mirror
 T - a piece from Xom's chessboard (15/15)
 V - a tin of tremorstones (1/2)


   Skills:
 + Level 19.9 Fighting
 + Level 17.4(17.7) Axes
 - Level 4.7(12.5) Maces & Flails
 - Level 2.9(4.2) Staves
 - Level 12.0 Slings
 + Level 19.9 Armour
 - Level 4.0 Dodging
 - Level 15.6 Shields
 - Level 13.0 Invocations
 + Level 11.7 Evocations


You had 17 spell levels left.
You knew the following spells:

 Your Spells              Type           Power      Damage    Failure   Level
a - Summon Lightning Spi  Summ/Air       0%         N/A       100%        4

Your spell library contained the following spells:

 Spells                   Type           Power      Damage    Failure   Level
 Beastly Appendage        Tmut           0%         N/A       99%         1
 Magic Dart               Conj           0%         1d3       99%         1
 Shock                    Conj/Air       0%         1d3       99%         1
 Sting                    Tmut/Pois      0%         1d3       99%         1
 Summon Small Mammal      Summ           0%         N/A       99%         1
 Call Imp                 Summ           0%         N/A       100%        2
 Poisonous Vapours        Pois/Air       0%         N/A       100%        2
 Call Canine Familiar     Summ           0%         N/A       100%        3
 Gell's Gravitas          Tloc           0%         N/A       100%        3
 Ignite Poison            Fire/Tmut/Pois 0%         N/A       100%        3
 Lesser Beckoning         Tloc           0%         N/A       100%        3
 Mephitic Cloud           Conj/Pois/Air  0%         N/A       100%        3
 Stone Arrow              Conj/Erth      0%         3d7       100%        3
 Summon Guardian Golem    Hex/Summ       0%         N/A       100%        3
 Teleport Other           Tloc           0%         N/A       100%        3
 Tukima's Dance           Hex            0%         N/A       100%        3
 Airstrike                Air            0%         N/A       100%        4
 Anguish                  Hex/Necr       0%         N/A       100%        4
 Animate Armour           Summ/Erth      0%         N/A       100%        4
 Fulminant Prism          Conj/Hex       0%         3d6       100%        4
 Ice Form                 Ice/Tmut       0%         N/A       100%        4
 Iskenderun's Mystic Bla  Conj/Tloc      0%         2d3       100%        4
 Leda's Liquefaction      Hex/Erth       0%         N/A       100%        4
 Olgreb's Toxic Radiance  Pois           0%         N/A       100%        4
 Petrify                  Tmut/Erth      0%         N/A       100%        4
 Summon Ice Beast         Ice/Summ       0%         N/A       100%        4
 Alistair's Intoxication  Tmut/Pois      0%         N/A       100%        5
 Borgnjor's Vile Clutch   Necr/Erth      0%         N/A       100%        5
 Freezing Cloud           Conj/Ice/Air   0%         6-21      100%        5
 Lee's Rapid Deconstruct  Erth           0%         3d5*      100%        5
 Summon Forest            Summ/Tloc      0%         N/A       100%        5
 Summon Mana Viper        Hex/Summ       0%         N/A       100%        5
 Eringya's Noxious Bog    Tmut/Pois      0%         N/A       100%        6
 Iron Shot                Conj/Erth      0%         9d1       100%        6
 Statue Form              Tmut/Erth      0%         N/A       100%        6
 Summon Cactus Giant      Summ           0%         N/A       100%        6
 Enfeeble                 Hex            0%         N/A       100%        7
 Monstrous Menagerie      Summ           0%         N/A       100%        7
 Storm Form               Tmut/Air       0%         N/A       100%        7
 Summon Hydra             Summ           0%         N/A       100%        7
 Borgnjor's Revivificati  Necr           0%         N/A       100%        8
 Lehudib's Crystal Spear  Conj/Erth      0%         10d2      100%        8
 Maxwell's Capacitive Co  Air            0%         ∞         100%        8
 Necromutation            Tmut/Necr      0%         N/A       100%        8
 Summon Horrible Things   Summ           0%         N/A       100%        8
 Chain Lightning          Conj/Air       0%         N/A       100%        9
 Death's Door             Necr           0%         N/A       100%        9
 Swiftness                Air            Unusable   N/A       N/A         3

Dungeon Overview and Level Annotations

Branches:
Dungeon (15/15)            Temple (0/1) D:4            Lair (6/6) D:9
 Shoals (4/4) Lair:3       Spider (4/4) Lair:4        Slime (0/5) Lair:6
    Orc (2/2) D:9             Elf (0/3) Orc:2        Vaults (2/5) D:14
  Crypt (0/3) Vaults:2     Depths (2/4) D:15        Gauntlet (visited)

Altars:
Dithmenos
Hepliaklqana
Kikubaaqudgha
Nemelex Xobeh
Vehumet
Beogh

Shops:
D:8 (   Orc:2 *[?(:   Shoals:1 (   Shoals:2 :*   Depths:1 *

Portals:
Hell: Depths:1
Pandemonium: Depths:1
Trove: D:13 (show abyssal rune of Zot)

Annotations:
D:9 exclusion: obsidian statue
D:11 3 runed translucent doors, suduhmizer's ghost, journeyman MiBe
Lair:5 3 runed translucent doors, browni3141's ghost, journeyman MiBe; issech's ghost, journeyman TrMo
Abyss:1 Louise


Innate Abilities, Weirdness & Mutations

Your life essence is reduced to manifest your ancestor. (-10% HP)
You cannot be hasted, slowed, berserked, paralysed or teleported.
You can dig through walls and to a lower floor.
You have a pair of large antennae on your head. (SInv)
Your four strong arms can wield two-handed weapons with a shield.


Message History

Your stasis prevents you from being slowed.
You feel much better. You block the spark wasp's attack.
The spark wasp stings you but does no damage.
You block the spriggan druid's attack. You block the spriggan's attack.
Clouds of poison gas condense around you!
The condenser dries out!
The spriggan is poisoned.
The deep elf elementalist is engulfed in poison gas.
The deep elf elementalist is poisoned.
The spark wasp is poisoned.
You block the spark wasp's attack.
The spriggan druid is poisoned.
You block the spriggan druid's attack.
The spark wasp is engulfed in poison gas.
The spark wasp is poisoned.
The spriggan is poisoned.
You block the spriggan's attack.
The spriggan looks even sicker.
The eleionoma is engulfed in poison gas.
The eleionoma is poisoned.
Unknown command.
You feel protected.
The deep elf elementalist is engulfed in poison gas.
The deep elf elementalist looks even sicker.
The spark wasp is engulfed in poison gas.
The spark wasp is poisoned.
The spark wasp stings you!
* * * LOW HITPOINT WARNING * * *
The spark wasp shocks you. You resist.
* * * LOW HITPOINT WARNING * * *
The spark wasp is engulfed in poison gas.
The spark wasp looks even sicker.
You block the spark wasp's attack.
The spark wasp is engulfed in poison gas.
The spark wasp looks even sicker.
You block the spark wasp's attack.
The spriggan is engulfed in poison gas.
The spriggan looks even sicker.
The deep troll earth mage is engulfed in poison gas.
The deep troll earth mage is poisoned.
The spriggan druid is engulfed in poison gas.
The spriggan druid looks even sicker.
The spriggan druid hits you with a +0 quarterstaff!
* * * LOW HITPOINT WARNING * * *
The deep elf elementalist looks even sicker.
The spriggan is engulfed in poison gas.
The spriggan looks even sicker.
The spark wasp is engulfed in poison gas.
The spark wasp looks even sicker.
The spark wasp stings you!
You die...

............§≈.
............≈§.
#.............
##.............
#.............. ..
♣♣..)(##.............
E.♣≈.♣..|##..§§y§.......
.#e♣♣...!##..§§i@i§.....
.....≈.≈≈##..§Dyy§§.....
..E.y.♣..##.§e§§i§§....#
)#..E{♣≈.#.§§R§§§....(.#
.(R[i.{.###§§§§........#
.(†.T..{##§T§§..).....^#
.#.....§.#§E§.......#..#
.....≈≈≈≈§§§§.......####
##....#≈...........##


You could see an ice dragon, an eleionoma (poisoned), 3 spark wasps, a deep elf
elementalist (fast, repels missiles, very poisoned), a deep troll earth mage
(poisoned), an earth elemental (summoned), a spriggan druid (very poisoned) and
2 spriggans.

Vanquished Creatures
  Mara (Spider:3)
  Rupert (Lair:6)
  Polyphemus (Shoals:4)
  3 ancient champions (Vaults:2)
  Roxanne (Spider:3)
  A sphinx (Vaults:2)
  The ghost of Qyadack the Severer, an adept HOFi of Beogh (Spider:4)
  Kirke (Spider:4)
  A fenstrider witch (Shoals:1)
  The ghost of Yjimoseergh the Spry, an adept SpFE of Dithmenos (Vaults:2)
  7 vault wardens
  5 emperor scorpions
  2 ghost moths (Spider:4)
  A war gargoyle (Vaults:2)
  4 broodmothers
  3 ironbound preservers (Vaults:2)
  A very ugly thing (Vaults:1)
  A vampire knight (Vaults:2)
  2 entropy weavers
  An eleionoma (Depths:2)
  Azrael (Spider:1)
  6 spark wasps
  A minotaur (Gauntlet)
  3 merfolk javelineers
  2 merfolk impalers (Shoals:4)
  An ettin (Depths:2)
  A deep elf high priest (Vaults:1)
  2 great orbs of eyes
  A yaktaur captain (Vaults:2)
  21 centaur warriors
  3 ogre magi (D:15)
  9 vault guards
  5 hydras
  2 boulder beetles
  2 salamander tyrants (Depths:2)
  2 radroaches
  2 satyrs
  A jorogumo (Spider:3)
  4 catoblepae
  A peacekeeper (Vaults:2)
  3 merfolk aquamancers (Shoals:4)
  5 ironbound frosthearts
  A merfolk avatar (Shoals:4)
  3 tengu warriors
  17 two-headed ogres
  7 death yaks
  3 deep troll earth magi (Depths:2)
  3 deep troll shamans
  2 orc high priests (Orc:2)
  3 spriggan berserkers (Depths:1)
  A soul eater (Depths:1)
  An iron troll (Depths:1)
  8 hell knights
  A fire crab (Gauntlet)
  3 pharaoh ants
  5 orb spiders
  5 sea snakes
  A glowing orange brain (Vaults:1)
  15 deep trolls
  2 steelbarb worms
  3 deep elf pyromancers
  5 necromancers (Depths:1)
  7 wizards
  9 harpies
  3 deep elf zephyrmancers
  2 orc knights (Orc:1)
  4 lindwurms
  4 ironbound convokers
  5 ugly things
  16 wolf spiders
  3 orc sorcerers (Orc:2)
  5 cyclopes
  21 fauns
  2 moths of wrath (Spider:2)
  8 manticores
  A rust devil (Depths:1)
  5 merfolk sirens
  8 elephants
  9 vault sentinels
  5 water nymphs
  7 black mambas
  2 gargoyles
  8 torpor snails
  7 cane toads
  An orange demon (Depths:1)
  A rime drake (Lair:6)
  4 demonic crawlers
  An efreet (D:14)
  A hellion (Depths:1)
  A dryad (Depths:2)
  2 ice devils (Depths:1)
  3 kobold demonologists
  A freezing wraith (D:14)
  18 yaktaurs
  10 komodo dragons
  A red devil (Depths:1)
  3 trolls
  A tengu conjurer (Depths:1)
  A polar bear (Lair:6)
  15 merfolk
  6 wind drakes
  10 meliai
  Grinder (D:4)
  25 tarantellas
  5 hornets
  9 blink frogs
  15 slime creatures
  5 dream sheep (Lair:6)
  A jumping spider (shapeshifter) (D:15)
  20 jumping spiders
  5 air elementals (Shoals:4)
  3 fire elementals (Spider:1)
  9 water elementals
  3 wraiths
  27 yaks
  20 culicivoras
  3 hogs (Spider:4)
  14 humans (D:14)
  2 chaos spawn (Depths:1)
  3 basilisks
  11 vampire mosquitoes
  55 redbacks
  13 water moccasins
  2 swamp worms (Gauntlet)
  A hell hound (Spider:1)
  16 orc warriors
  A black bear (D:4)
  10 centaurs
  29 wolves
  6 ogres
  A kobold brigand (D:10)
  5 bullfrogs
  A gnoll sergeant (D:10)
  A scorpion (D:6)
  9 killer bees
  3 wights (D:8)
  4 electric eels
  6 howler monkeys
  A bullfrog zombie (D:6)
  4 centaur zombies
  A bullfrog skeleton (D:5)
  2 hounds
  9 orc priests
  Ijyb (D:4)
  11 orc wizards
  Natasha (D:4)
  3 hell rats (Lair:4)
  A howler monkey zombie (D:8)
  2 gnolls (D:10)
  9 adders
  A shadow imp (D:7)
  14 white imps
  An adder skeleton (D:4)
  A worm (D:5)
  2 dart slugs
  59 orcs
  9 ball pythons
  5 bats
  4 endoplasms
  A giant cockroach (D:2)
  6 hobgoblins
  3 jackals (D:1)
  13 kobolds
  A quokka (D:4)
  5 frilled lizards
  5 goblins
  8 rats
954 creatures vanquished.

Vanquished Creatures (collateral kills)
  Bai Suzhen (Shoals:4)
  A titan (Shoals:4)
  Agnes (Spider:2)
  A fenstrider witch (Depths:2)
  Aizul (Spider:1)
  Ilsuiw (Shoals:3)
  4 vault wardens
  An emperor scorpion (Spider:4)
  A ghost moth (Spider:4)
  An orc warlord (Orc:2)
  2 ironbound preservers
  5 stone giants
  A vampire knight (Depths:2)
  An ironbound thunderhulk (Vaults:1)
  An eleionoma (Depths:2)
  3 fire dragons (Depths:1)
  5 merfolk javelineers
  3 merfolk impalers (Shoals:4)
  An ettin (Depths:1)
  3 hydras
  3 boulder beetles
  A great orb of eyes (D:15)
  3 vault guards
  2 ice dragons
  A merfolk avatar (Shoals:4)
  2 centaur warriors
  2 salamander tyrants (Depths:2)
  An ironbound frostheart (Vaults:1)
  4 alligator snapping turtles
  A spriggan air mage (Depths:1)
  An ogre mage (D:15)
  A radroach (Spider:1)
  7 death yaks
  A satyr (Shoals:2)
  3 two-headed ogres
  An orc high priest (Orc:2)
  2 deep troll shamans (Depths:1)
  2 tengu warriors
  2 deep troll earth magi
  2 spriggan berserkers
  A vampire mage (Vaults:2)
  3 hell knights (Depths:1)
  An iron troll (Depths:1)
  2 pharaoh ants
  8 deep trolls
  4 steelbarb worms
  A glowing orange brain (Depths:2)
  7 sea snakes
  6 orb spiders
  A spriggan druid (Depths:2)
  An orc knight (Orc:2)
  A lindwurm (Vaults:2)
  3 wizards
  4 ironbound convokers (Vaults:2)
  2 necromancers
  9 harpies
  A cyclops (D:12)
  5 wolf spiders
  A salamander (Depths:2)
  4 ugly things
  An orc sorcerer (Orc:2)
  4 manticores
  2 moths of wrath
  A rust devil (Depths:1)
  7 fauns
  2 elephants (Lair:4)
  2 black mambas
  3 merfolk sirens
  2 vault sentinels
  4 water nymphs
  2 torpor snails
  An orange demon (Depths:1)
  A gargoyle (D:13)
  4 demonic crawlers
  4 komodo dragons
  5 yaktaurs
  3 trolls
  3 polar bears
  14 merfolk
  2 meliai (Spider:4)
  6 wind drakes
  3 blink frogs
  5 tarantellas
  A dream sheep (Lair:6)
  3 snapping turtles
  6 slime creatures
  A raiju (shapeshifter) (D:13)
  16 jumping spiders
  9 culicivoras
  A wyvern (Lair:4)
  8 yaks
  2 air elementals (Shoals:4)
  2 wraiths
  4 water elementals
  4 humans (D:14)
  3 fire bats (Gauntlet)
  4 hogs (Spider:4)
  24 redbacks
  2 basilisks
  A warg (Orc:2)
  4 vampire mosquitoes
  A swamp worm (Gauntlet)
  2 water moccasins
  A sky beast (D:5)
  9 orc warriors
  5 ogres
  9 wolves
  3 centaurs
  A kobold brigand (D:7)
  3 bullfrogs
  4 scorpions
  A water moccasin zombie (D:5)
  A killer bee (D:10)
  An electric eel (Spider:4)
  A wight (D:8)
  A howler monkey (D:8)
  A bullfrog zombie (D:6)
  2 hounds (D:9)
  A jelly (D:5)
  An orc priest (Orc:1)
  A hell rat (Lair:4)
  2 orc wizards
  Natasha (D:4)
  2 hound skeletons
  A howler monkey skeleton (D:7)
  4 adders
  6 gnolls
  An ufetubus (D:4)
  A worm (D:4)
  13 orcs
  2 ball pythons
  3 bats (D:3)
  An endoplasm (D:3)
  A goblin (D:2)
  2 hobgoblins (D:2)
  4 kobolds
  A quokka (D:4)
  A snaplasher vine (Depths:2)
416 creatures vanquished.

Vanquished Creatures (others)
  Margery (D:15)
  A two-headed ogre (D:15)
  A merfolk aquamancer (Shoals:4)
  A troll (Orc:2)
  33 battlemagi
  A bush (Lair:6)
  A butterfly (Lair:5)
  44 fungi
  90 plants
173 creatures vanquished.

Grand Total: 1543 creatures vanquished

Notes
Turn   | Place    | Note
-------+----------+-------------------------------------------
     0 | D:1      | hikkokomori the Formicid Fighter began the quest for the
                  | Orb.
     0 | D:1      | Reached XP level 1. HP: 18/18 MP: 1/1
   120 | D:1      | Reached XP level 2. HP: 11/24 MP: 2/2
   552 | D:1      | Reached XP level 3. HP: 23/30 MP: 3/3
   673 | D:1      | Found a faded altar of an unknown god.
   680 | D:1      | Prayed at the altar of an unknown god.
   680 | D:1      | Became a worshipper of Hepliaklqana the Forgotten
   680 | D:1      | Reached * piety under Hepliaklqana
  1238 | D:2      | Reached XP level 4. HP: 23/33 MP: 4/4
  1513 | D:2      | Reached ** piety under Hepliaklqana
  1514 | D:2      | Remembered your ancestor Tenoch as a battlemage
  1610 | D:2      | Noticed a scorpion
  1610 | D:2      | Noticed an ogre
  1917 | D:3      | Reached XP level 5. HP: 35/38 MP: 5/5
  2288 | D:4      | Noticed Ijyb
  2294 | D:4      | Killed Ijyb
  2295 | D:4      | Reached skill level 1 in Maces & Flails
  2344 | D:4      | Found a radiant altar of Vehumet.
  2383 | D:4      | Noticed Grinder
  2398 | D:4      | Killed Grinder
  2399 | D:4      | Reached skill level 5 in Fighting
  2399 | D:4      | Reached skill level 5 in Armour
  2399 | D:4      | Reached skill level 1 in Evocations
  2399 | D:4      | Reached XP level 6. HP: 28/45 MP: 6/6
  2512 | D:4      | Noticed a black bear
  2521 | D:4      | Reached XP level 7. HP: 47/50 MP: 7/7
  2525 | D:4      | Noticed Natasha
  2531 | D:4      | Killed Natasha
  3253 | D:4      | Noticed Natasha
  3259 | D:4      | Killed Natasha
  3260 | D:4      | Reached XP level 8. HP: 39/57 MP: 8/8
  3359 | D:4      | Found a staircase to the Ecumenical Temple.
  3402 | D:4      | Reached *** piety under Hepliaklqana
  3532 | D:5      | Entered Level 5 of the Dungeon
  3657 | D:5      | Found an ancient bone altar of Kikubaaqudgha.
  4816 | D:6      | Identified the +9 hunting sling "Okkidos" {freeze, rC+
                  | SInv}
  4865 | D:6      | Reached skill level 1 in Slings
  5172 | D:6      | Reached XP level 9. HP: 58/63 MP: 9/9
  5252 | D:6      | Identified the +11 war axe of Koinuas {speed, rN++}
  5413 | D:7      | Reached skill level 1 in Axes
  5982 | D:7      | Reached **** piety under Hepliaklqana
  6478 | D:8      | HP: 3/63 [wight (3)]
  6978 | D:8      | Learned a level 4 spell: Summon Lightning Spire
  6982 | D:8      | Found Qab Urin's Weapon Shoppe.
  7338 | D:9      | Found a staircase to the Orcish Mines.
  7563 | D:9      | Noticed a troll
  7569 | D:9      | Reached XP level 10. HP: 54/72 MP: 10/10
  7573 | D:9      | Found a staircase to the Lair.
  7576 | D:9      | Reached skill level 5 in Slings
  8243 | D:9      | Noticed an obsidian statue
  8244 | D:9      | Noticed a sun demon
  8259 | D:10     | Entered Level 10 of the Dungeon
  8279 | D:10     | Reached skill level 5 in Axes
  8466 | D:10     | Noticed a gargoyle
  8469 | D:10     | Killed a gargoyle
  8799 | D:10     | Reached skill level 1 in Invocations
  8993 | D:10     | Reached XP level 11. HP: 66/80 MP: 10/12
  9143 | D:10     | Identified the +0 hand axe "Jatonyupn" {flame, Int+2}
  9340 | D:11     | Found a runed translucent gate.
  9340 | D:11     | Found a runed translucent gate.
  9340 | D:11     | Found a runed translucent gate.
  9350 | D:11     | Noticed suduhmizer's ghost (journeyman MiBe)
  9452 | D:11     | Noticed a two-headed ogre
  9456 | D:11     | Killed a two-headed ogre
  9465 | D:11     | Reached ***** piety under Hepliaklqana
  9750 | D:11     | Noticed a boulder beetle
  9765 | D:11     | Killed a boulder beetle
  9766 | D:11     | Reached skill level 10 in Fighting
  9899 | D:11     | Reached skill level 10 in Armour
 10163 | Lair:1   | Entered Level 1 of the Lair of Beasts
 11192 | Lair:2   | Reached skill level 5 in Invocations
 11310 | Lair:2   | Reached XP level 12. HP: 76/88 MP: 15/15
 11526 | Lair:2   | Noticed a four-headed hydra
 11526 | Lair:2   | Noticed a catoblepas
 11533 | Lair:2   | Killed a four-headed hydra
 11547 | Lair:2   | Killed a catoblepas
 12452 | Lair:3   | Found a staircase to the Shoals.
 13884 | Lair:4   | Found a hole to the Spider Nest.
 13969 | Lair:4   | Reached XP level 13. HP: 72/95 MP: 18/18
 14843 | Lair:5   | Noticed a catoblepas
 14857 | Lair:5   | Killed a catoblepas
 14858 | Lair:5   | Reached skill level 10 in Slings
 14979 | Lair:5   | Reached ****** piety under Hepliaklqana
 15168 | Lair:5   | Found a runed translucent gate.
 15169 | Lair:5   | Found a runed translucent gate.
 15170 | Lair:5   | Found a runed translucent gate.
 15199 | Lair:5   | Noticed issech's ghost (journeyman TrMo)
 15200 | Lair:5   | Noticed browni3141's ghost (journeyman MiBe)
 15729 | Lair:6   | Entered Level 6 of the Lair of Beasts
 15809 | Lair:6   | Reached skill level 5 in Evocations
 16325 | Lair:6   | Found a staircase to the Slime Pits.
 16374 | Lair:6   | Reached XP level 14. HP: 43/104 MP: 18/20
 16934 | Lair:6   | Reached skill level 10 in Axes
 17502 | Lair:6   | Noticed Rupert
 17513 | Lair:6   | Killed Rupert
 18801 | Orc:1    | Entered Level 1 of the Orcish Mines
 19132 | Orc:2    | Entered Level 2 of the Orcish Mines
 19132 | Orc:2    | Found Sulysi's General Store.
 19291 | Orc:2    | Reached XP level 15. HP: 87/111 MP: 21/21
 19301 | Orc:2    | Noticed an orc warlord
 19676 | Orc:2    | Found Otiublank's Book Shoppe.
 19695 | Orc:2    | Killed an orc warlord
 19983 | Orc:2    | Found a staircase to the Elven Halls.
 20006 | Orc:2    | Found Atolun's Antique Weapon Emporium.
 20014 | Orc:2    | Reached skill level 1 in Dodging
 20677 | Orc:2    | Bought a wand of flame (10) for 90 gold pieces
 20677 | Orc:2    | Bought a scroll of magic mapping for 52 gold pieces
 20677 | Orc:2    | Bought a wand of mindburst (8) for 180 gold pieces
 20764 | Orc:2    | Found Kalua's Magic Scroll Boutique.
 20773 | Orc:2    | Bought a scroll of enchant weapon for 135 gold pieces
 20773 | Orc:2    | Bought a scroll of acquirement for 936 gold pieces
 20781 | Orc:2    | Found Ageahuto's Antique Armour Boutique.
 20955 | Orc:2    | Acquired the +3 buckler of Abstinence {Will+++ Regen+ Str-5
                  | Dex-5}
 21820 | D:12     | Found the ring of Shadows {Umbra +Inv Stlth+}
 21947 | D:13     | Found a gate leading to a gauntlet.
 21972 | Gauntlet | Entered a Gauntlet
 21972 | Gauntlet | Found a transporter.
 21972 | Gauntlet | Found a transporter.
 21974 | Gauntlet | Found a transporter.
 21975 | Gauntlet | Found a transporter.
 22008 | Gauntlet | Found a transporter.
 22010 | Gauntlet | Found a transporter.
 22013 | Gauntlet | Found a transporter.
 22013 | Gauntlet | Found a transporter.
 22030 | Gauntlet | Found a transporter.
 22047 | Gauntlet | Found a transporter.
 22057 | Gauntlet | Found a transporter.
 22058 | Gauntlet | Found the +0 mask of the Dragon {Will+ Slay+3 SInv}
 22085 | Gauntlet | Found a transporter.
 22107 | Gauntlet | Found a transporter.
 22124 | Gauntlet | Found a transporter.
 22189 | Gauntlet | Identified the ring of Houh {rC+ MP+9 Dex+4}
 22255 | Gauntlet | Identified the ring "Nyrohego" {*Slow rC+ Will+ Int+5
                  | Dex-3}
 22399 | Gauntlet | Identified the +4 halberd of the Boiling Point {venom, rC+
                  | Int+9}
 22549 | Gauntlet | Identified the +7 trident "Ejuh" {venom, rF+}
 23113 | D:13     | Found a portal to a secret trove of treasure.
 23667 | D:14     | Found a gate to the Vaults.
 23680 | D:14     | Reached XP level 16. HP: 120/120 MP: 22/22
 23821 | D:14     | Reached skill level 5 in Shields
 24088 | D:14     | Got the Catalogue of Sand
 24149 | D:14     | Got the Almanac of Combed Thunderclap
 24156 | D:14     | Got Retil's Almanac of Plaster Cramp
 24303 | D:15     | Entered Level 15 of the Dungeon
 24593 | D:15     | Found a staircase to the Depths.
 24600 | D:15     | Reached skill level 15 in Fighting
 24601 | D:15     | Reached skill level 15 in Armour
 26130 | Spider:1 | Entered Level 1 of the Spider Nest
 26133 | Spider:1 | Noticed Azrael
 26141 | Spider:1 | Killed Azrael
 26144 | Spider:1 | Reached XP level 17. HP: 127/127 MP: 19/23
 26498 | Spider:1 | Noticed Aizul
 26515 | Spider:1 | Killed Aizul
 27961 | Spider:2 | Reached skill level 10 in Shields
 28487 | Spider:2 | Reached XP level 18. HP: 129/137 MP: 24/24
 28671 | Spider:2 | Noticed Agnes
 28680 | Spider:2 | Killed Agnes
 29486 | Spider:3 | Identified Roxanne's Guide on Transformation
 29486 | Spider:3 | Noticed Roxanne
 29512 | Spider:3 | HP: 6/137 [Roxanne/crystal spear (30)]
 29514 | Spider:3 | Killed Roxanne
 29912 | Spider:3 | Noticed Louise
 29917 | Spider:3 | Banished Louise
 29926 | Spider:3 | Noticed Mara
 29937 | Spider:3 | Noticed hikkokomori's illusion
 29940 | Spider:3 | Killed Mara
 30536 | Spider:4 | Entered Level 4 of the Spider Nest
 31203 | Spider:4 | Reached skill level 10 in Evocations
 31948 | Spider:4 | Found a runed translucent door.
 31948 | Spider:4 | Noticed Qyadack's ghost (adept HOFi)
 31948 | Spider:4 | Found the +3 sling "Punk" {acid, rCorr}
 31961 | Spider:4 | Killed Qyadack's ghost
 32157 | Spider:4 | Noticed Kirke
 32168 | Spider:4 | Killed Kirke
 32808 | Spider:4 | Reached XP level 19. HP: 111/144 MP: 1/25
 33016 | Spider:4 | Got a gossamer rune of Zot
 33240 | Shoals:1 | Entered Level 1 of the Shoals
 33244 | Shoals:1 | Reached skill level 15 in Axes
 33288 | Shoals:1 | Found Ukeasch's Weapon Shop.
 35330 | Shoals:2 | Found Vagecerikk's Book Shoppe.
 35610 | Shoals:2 | Found Beaxtil's CLEARANCE SALE!.
 36122 | Shoals:3 | Noticed Ilsuiw
 36135 | Shoals:3 | Killed Ilsuiw
 36954 | Shoals:4 | Entered Level 4 of the Shoals
 36954 | Shoals:4 | Found a sparkling altar of Nemelex Xobeh.
 37257 | Shoals:4 | Noticed Bai Suzhen
 37270 | Shoals:4 | Killed Bai Suzhen
 38060 | Shoals:4 | Reached XP level 20. HP: 153/153 MP: 27/27
 38681 | Shoals:4 | Reached skill level 10 in Invocations
 38865 | Shoals:4 | Noticed Polyphemus
 38872 | Shoals:4 | Killed Polyphemus
 39482 | Shoals:4 | Got a barnacled rune of Zot
 39490 | Shoals:4 | Identified the +3 ring mail of Narrow Salvation {rF- Regen+
                  | Int+3}
 40349 | Vaults:1 | Entered Level 1 of the Vaults
 42978 | Vaults:2 | Reached XP level 21. HP: 133/161 MP: 29/29
 43402 | Vaults:2 | Found a staircase to the Crypt.
 43516 | Vaults:2 | Identified the ring "Ukinos" {Int+3 SInv}
 43674 | Vaults:2 | Found a runed translucent door.
 43679 | Vaults:2 | Noticed Yjimoseergh's ghost (adept SpFE)
 43738 | Vaults:2 | Killed Yjimoseergh's ghost
 43746 | Vaults:2 | Got the Papyrus of Earth
 44170 | Vaults:2 | Reached skill level 15 in Shields
 45520 | Depths:1 | Entered Level 1 of the Depths
 45521 | Depths:1 | Found a shadowy altar of Dithmenos.
 45748 | Depths:1 | Noticed Margery
 45774 | D:15     | Killed Margery
 46719 | Depths:1 | Reached XP level 22. HP: 134/169 MP: 31/31
 46727 | Depths:1 | Found Byno's Demolitions Depot.
 46966 | Depths:1 | Bought a wand of iceblast (6) for 190 gold pieces
 47059 | Depths:1 | Found a one-way gate leading to the halls of Pandemonium.
 47301 | Depths:1 | Found a gateway to Hell.
 47639 | Depths:2 | HP: 4/171 [spark wasp[a spriggan druid] (17)]
 47643 | Depths:2 | Slain by a spark wasp

Illustrated notes

Levels and vault maps discovered:
D:1:      onia_arrival_handbag, layout_basic,
          dilly_ecumenical_altar_fadedgnrine, minmay_crystal_room,
          minmay_misc_feat_encased
D:2:      layout_basic, lightli_corner_chamber
D:3:      layout_rooms, minmay_misc_feat_alley, kennysheep_big_empty_room
D:4:      layout_gridville, general_overflow_altar, temple_green,
          hangedman_decor_lopped, uniq_grinder, uniq_natasha, uniq_ijyb
D:5:      layout_loops_ring, lemuel_crystal_altar, serial_rivers,
          chequers_serial_rivers_micro_a, chequers_serial_rivers_small_3,
          chequers_serial_rivers_room_a, chequers_serial_rivers_room_a,
          chequers_serial_rivers_micro_a, amcnicky_mini_pool_small
D:6:      layout_basic
D:7:      layout_loops_ring, bh_walls_and_bars
D:8:      layout_loops_ring, serial_shops, shop_statue, grunt_ministairs_8
D:9:      layout_layer_cave, erik_lair_island, hiddenorc2_lemuel, minivault_16
D:10:     layout_long_grid
D:11:     layout_loops_ring, biasface_ghost_orc_armoury
D:12:     layout_grid_maze
D:13:     layout_long_grid, portal_ice_cave_entry_imps,
          nicolae_trove_entry_crystal, gauntlet_entry_generic
D:14:     layout_roguey, grunt_vaults_entry_tiered,
          nicolae_figureground_sparkle, bh_hangedman_babel_library
D:15:     gammafunk_enter_depths_forms, layout_loops_corners, solitary_fountain,
          chequers_serial_rivers_large_a, serial_bayou_pond_c
Lair:1:   layout_chaotic_city
Lair:2:   layout_cave_pods, grunt_megastairs_4
Lair:3:   minmay_lair_venomous_thicket, layout_cave_pods, shoals_dummy_entry
Lair:4:   layout_misc_corridors, dummy_spider_entry
Lair:5:   layout_cave_pods, gammafunk_ghost_cemetery, grunt_megastairs_3,
          lemuel_fruit_fields
Lair:6:   grunt_lair_end_beastmaster, layout_regular_city, slime_dummy,
          chequers_serial_rivers_micro_d, uniq_rupert
Shoals:1: layout_shoals, serial_shops, shop,
          nicolae_shoals_beach_house_on_fowls_legs
Shoals:2: layout_shoals, serial_shops, nicolae_shop_statue_plus,
          nicolae_shop_clearance
Shoals:3: layout_shoals, uniq_ilsuiw
Shoals:4: shoals_end_hellmonk_storm_palace [storm_palace_center_ruins,
          storm_palace_corner_altar, storm_palace_corner_reverse_hut,
          storm_palace_corner_grid, storm_palace_corner_grid], serial_shops,
          uniq_polyphemus, uniq_bai_suzhen
Spider:1: nicolae_spider_hilbert_zone_2 [nicolae_spider_hilbert_4_sides_1_open,
          nicolae_spider_hilbert_4_sides_1_open,
          nicolae_spider_hilbert_4_sides_1_open,
          nicolae_spider_hilbert_4_sides_1_open,
          nicolae_spider_hilbert_6_sides_1_open,
          nicolae_spider_hilbert_6_sides_1_open,
          nicolae_spider_hilbert_3_sides_1_open,
          nicolae_spider_hilbert_3_sides_1_open,
          nicolae_spider_hilbert_3_sides_1_open,
          nicolae_spider_hilbert_3_sides_1_open,
          nicolae_spider_hilbert_6_sides_1_open,
          nicolae_spider_hilbert_6_sides_1_open,
          nicolae_spider_hilbert_6_sides_1_open,
          nicolae_spider_hilbert_6_sides_1_open], nicolae_spider_eight_legs,
          uniq_azrael, uniq_aizul
Spider:2: layout_spider_delve, hangedman_spider_tarantella_strand, uniq_agnes
Spider:3: layout_chambers, uniq_roxanne, uniq_louise, uniq_mara
Spider:4: spider_rune_water, gammafunk_ghost_grave, uniq_kirke
Orc:1:    layout_caves, basic_altar
Orc:2:    grunt_orc_gardens, layout_diamond_mine, grunt_orc_garden,
          grunt_orc_garden, grunt_orc_garden, grunt_orc_garden, serial_shops,
          shop_scrolls
Vaults:1: nicolae_vaults_quadrants, v_pattern_2, v_misc_15,
          nicolae_vaults_angled_halls, layout_vaults_omnigrid
Vaults:2: hellmonk_ghost_big_iron, minmay_crypt_entry_simple_box,
          hangedman_vaults_unwind, nicolae_vaults_circle_grid_b,
          ontoclasm_vaults_eye, v_misc_30, vaults_room_semicircle,
          nicolae_vaults_little_squares_1, v_misc_3, vaults_mumra_lcd,
          nicolae_vaults_bisected_slash, nicolae_vaults_border_crossing,
          vaults_dpeg_encased_lava, layout_vaults_ring
Depths:1: layout_cave_pools, grunt_metal_band, grunt_pan_entry_sceptre,
          nicolae_blasting_shop, grunt_dithmenos_smoke_and_mirrors
Depths:2: nicolae_terramorphic_expanse [nicolae_terramorphic_quarter,
          nicolae_terramorphic_quarter, nicolae_terramorphic_quarter,
          nicolae_terramorphic_quarter, nicolae_terramorphic_quarter,
          nicolae_terramorphic_biome, nicolae_terramorphic_biome,
          nicolae_terramorphic_biome, nicolae_terramorphic_biome],
          layout_cave_pools, pan_entry, nicolae_hepliaklqana_hippocampus,
          gammafunk_ghost_ooze, marbit_kobold_abyss_entry, pf_coc_iceberg,
          small_statue_intersection, infiniplex_staircase_zigzag_3

Skill      XL: |  1  2  3  4  5  6  7  8  9 10 11 12 13 14 15 16 17 18 19 20 21 22 |
---------------+-------------------------------------------------------------------+-----
Fighting       | 4 5 6 8 9 10 11 12 13 14 15 16 17 18 19 | 19.9
Armour         | 4 5 6 8 9 10 11 12 13 14 15 16 17 18 19 | 19.9
Maces & Flails | 2 3 4 |  4.7
Evocations     | 1 2 3 4 5 7 8 9 10 11 | 11.7
Slings         | 1 4 6 8 9 10 11 12 | 12.0
Axes           | 3 5 7 8 9 10 12 13 14 15 16 17 | 17.4
Invocations    | 1 5 7 8 9 11 12 13 | 13.0
Dodging        | 4 |  4.0
Shields        | 4 8 10 11 13 14 15 | 15.6
Staves         | |  2.9

Action                   |  1- 3 |  4- 6 |  7- 9 | 10-12 | 13-15 | 16-18 | 19-21 | 22-24 || total
-------------------------+-------+-------+-------+-------+-------+-------+-------+-------++-------
Melee: Quarterstaff      |    99 |    17 |       |       |       |       |       |       ||   116
       Morningstar       |       |    30 |    73 |       |       |       |       |       ||   103
       War axe           |       |       |   123 |   276 |   718 |   595 |       |       ||  1712
       Battleaxe         |       |       |       |       |       |   301 |   781 |    80 ||  1162
 Fire: Hunting sling     |       |       |     8 |    28 |    25 |    37 |    17 |       ||   115
       Fustibalus        |       |       |       |       |       |     7 |     4 |       ||    11
Invok: Ancestor Identity |     1 |       |       |       |       |       |       |       ||     1
       Ancestor Life: Ba |       |     1 |       |       |       |       |       |       ||     1
       Idealise          |       |       |       |     1 |     4 |     3 |     6 |     1 ||    15
       Transference      |       |       |       |       |     2 |     6 |     5 |       ||    13
       Recall Ancestor   |       |       |       |       |       |       |     1 |       ||     1
 Abil: Dig               |     1 |     2 |     2 |       |     2 |     6 |     4 |     3 ||    20
Evoke: Wand              |       |    13 |     4 |     2 |    21 |    13 |    11 |       ||    64
       Tin of tremorston |       |       |       |       |     3 |     4 |     2 |     1 ||    10
       Condenser vane    |       |       |       |       |       |     3 |     5 |     1 ||     9
       Phantom mirror    |       |       |       |       |       |     1 |     2 |       ||     3
       Piece from Xom's  |       |       |       |       |       |       |     1 |       ||     1
  Use: Scroll            |     1 |     4 |     7 |    12 |     7 |    10 |     1 |       ||    42
       Potion            |       |       |     2 |     1 |     3 |     8 |     5 |     3 ||    22
 Stab: Distracted        |       |       |     2 |     2 |     4 |     7 |     9 |     1 ||    25
       Paralysed         |       |       |       |     1 |       |     5 |     4 |       ||    10
       Invisible         |       |       |       |       |     3 |       |       |       ||     3
Armor: Scale mail        |    48 |    21 |    60 |       |       |       |       |       ||   129
       Crystal plate arm |       |       |    22 |   181 |   388 |   516 |   391 |    50 ||  1548
Dodge: Dodged            |    30 |    21 |    85 |    72 |   110 |   146 |   112 |    13 ||   589
Block: Buckler           |    23 |    14 |    37 |    70 |   274 |   325 |       |       ||   743
       Reflection        |       |       |       |       |    12 |    10 |   130 |     1 ||   153
       Tower shield      |       |       |       |       |       |   239 |   988 |   124 ||  1351
